 Dungeon Crawl Stone Soup version 0.28-a0-247-gb8bfbab023 (webtiles) character file.

Game seed: 8070905394651051979

171 Tocho the Ruffian (level 5, 0/41 HPs)
             Began as a Draconian Transmuter on Aug 25, 2021.
             Succumbed to an orc's poison
             ... on level 4 of the Dungeon.
             The game lasted 00:05:13 (2796 turns).

Tocho the Ruffian (Draconian Transmuter)            Turns: 2796, Time: 00:05:13

Health: 0/41       AC:  6    Str: 12 (13) XL:     5   Next: 26%
Magic:  8/8        EV: 12    Int: 11 (13) God:
Gold:   151        SH:  0    Dex: 11 (12) Spells: 5/8 levels left

rFire   . . .      SeeInvis .     - Unarmed
rCold   . . .      Faith    .   (no shield)
rNeg    . . .      Spirit   .   (armour unavailable)
rPois   .          Reflect  .   (helmet currently unavailable)
rElec   .          Harm     .   (no cloak)
rCorr   .          Rampage  .   i - +0 pair of gloves
Will    .....                   (boots currently unavailable)
Stlth   +.........              (no amulet)
HPRegen 0.13/turn               (no ring)
MPRegen 0.11/turn               (no ring)

@: lethally poisoned (0 -> -4), appendages (expiring), attractive, hasted, very
quick
A: horns 2, talons 2, AC +5, unfitting armour, cold-blooded
a: End Transformation


You were on level 4 of the Dungeon.
You had temporarily grown beastly horns and talons.
You visited 1 branch of the dungeon, and saw 4 of its levels.

You collected 151 gold pieces.

Inventory:

Armour
 i - a +0 pair of gloves (worn)
Scrolls
 b - a scroll of noise
 c - a scroll of teleportation {unknown}
 d - 2 scrolls of enchant armour {unknown}
 e - 2 scrolls of immolation {unknown}
 g - 3 scrolls of identify {unknown}
 j - a scroll of amnesia {unknown}


   Skills:
 * Level 2.1 Fighting
 * Level 2.6 Dodging
 + Level 0.6 Stealth
 * Level 4.7 Unarmed Combat
 + Level 2.3 Spellcasting
 + Level 2.4 Transmutations


You had 5 spell levels left.
You knew the following spells:

 Your Spells              Type           Power      Damage    Failure   Level
a - Beastly Appendage     Tmut           12%        N/A       11%         1
b - Wereblood             Tmut           6%         N/A       16%         2

Your spell library contained the following spells:

 Spells                   Type           Power      Damage    Failure   Level
 Spider Form              Tmut/Pois      1%         N/A       45%         3
 Ice Form                 Ice/Tmut       3%         N/A       86%         4


Dungeon Overview and Level Annotations

Branches:
Dungeon (4/15)
 Temple: D:4-7

Altars:
Dithmenos

Shops:
D:1 :


Innate Abilities, Weirdness & Mutations

You have temporarily grown beastly horns and talons.
Your plain brown scales are hard. (AC +5)
You cannot fit into any form of body armour.
You are cold-blooded and may be slowed by cold attacks.


Message History

Your tail-slap misses the ogre.
The ogre is severely wounded.
Your transformation is almost over.
You barely miss the ogre.
You headbutt the ogre, but do no damage.
The ogre is severely wounded.
The ogre hits you with a +0 giant spiked club.
* * * LOW HITPOINT WARNING * * *
You hit the ogre. You headbutt the ogre.
You kill the ogre!
Your Fighting skill increases to level 2!
You have reached level 5!
You hit the orc.
The orc is heavily wounded.
The orc hits you with a +3 dagger of venom.
* * * LOW HITPOINT WARNING * * *
You are lethally poisoned!
You hit the orc.
You kill the orc!
* * * LOW HITPOINT WARNING * * *
You feel very sick.
It was a potion of attraction.
You feel attractive to monsters.
* * * LOW HITPOINT WARNING * * *
You feel sick. The orc hits you but does no damage.
It was a potion of magic.
Magic courses through your body.
* * * LOW HITPOINT WARNING * * *
You feel sick. The orc barely misses you.
It was a potion of haste.
You feel yourself speed up.
* * * LOW HITPOINT WARNING * * *
You feel sick. The orc barely misses you.
It was a potion of degeneration.
There was something very wrong with that liquid.
You feel weakened.
You feel dopey.
You feel clumsy.
* * * LOW HITPOINT WARNING * * *
You feel sick.
As you read the scroll labelled IRAILEBEZO, it crumbles to dust.
You hear a loud clanging noise!
It was a scroll of noise.
You die...

#.#
#.#
#.#
#.#
#.#
#.#
#o#
#o#
#@#
#.#
..#
####


You could see 2 orcs.

Vanquished Creatures
  An ogre (D:4)
  A jelly (D:3)
  An adder (D:3)
  A worm (D:2)
  An orc (D:4)
  5 bats
  4 endoplasms
  2 giant cockroaches
  3 goblins
  4 hobgoblins
  5 jackals
  2 kobolds (D:1)
  A quokka (D:1)
  A ball python (D:1)
  5 frilled lizards
  6 rats
43 creatures vanquished.

Notes
Turn   | Place    | Note
-------+----------+-------------------------------------------
     0 | D:1      | Tocho the Draconian Transmuter began the quest for the Orb.
     0 | D:1      | Reached XP level 1. HP: 16/16 MP: 3/3
    84 | D:1      | Reached XP level 2. HP: 23/23 MP: 5/5
   158 | D:1      | Noticed a shining eye
   165 | D:1      | Found a faded altar of an unknown god.
   183 | D:1      | Noticed a floating eye
   183 | D:1      | Noticed a golden eye
   183 | D:1      | Noticed an eye of devastation
   235 | D:1      | Learned a level 2 spell: Wereblood
   531 | D:1      | Found Nygaeto's Book Boutique.
  1101 | D:2      | Reached XP level 3. HP: 24/28 MP: 6/6
  2004 | D:3      | Reached skill level 4 in Unarmed Combat
  2441 | D:3      | Reached XP level 4. HP: 33/36 MP: 3/7
  2693 | D:3      | Found a shadowy altar of Dithmenos.
  2770 | D:4      | Noticed an ogre
  2789 | D:4      | Killed an ogre
  2790 | D:4      | Reached XP level 5. HP: 10/41 MP: 6/8
  2793 | D:4      | HP: 2/41 [poisoned by an orc]
  2796 | D:4      | Succumbed to an orc's poison

Illustrated notes

Levels and vault maps discovered:
D:1:      shiori_arrival_oz, layout_loops_ring,
          hellmonk_ecumenical_altar_watching_god, serial_shops,
          nicolae_shop_statue_plus, hex_tiny, minmay_small_reverse_x
D:2:      layout_basic
D:3:      minmay_spotlight, layout_rooms, mainiacjoe_overflow_alcove_4
D:4:      layout_basic, trog_ov_bears_minmay, kennysheep_small_circle

Skill      XL: |  1  2  3  4 |
---------------+-------------+-----
Dodging        | 2 |  2.6
Unarmed Combat | 4 |  4.7
Fighting       | 2 |  2.1
Stealth        | |  0.6
Spellcasting   | |  2.3
Transmutations | |  2.4

Action                   |  1- 3 |  4- 6 || total
-------------------------+-------+-------++-------
Melee: Unarmed           |   113 |    14 ||   127
       Headbutt          |     6 |     4 ||    10
       Kick              |     9 |     5 ||    14
       Tailslap          |    10 |     1 ||    11
       Punch             |       |     1 ||     1
 Cast: Beastly Appendage |    10 |     1 ||    11
       Wereblood         |     2 |       ||     2
  Use: Potion            |       |     4 ||     4
       Scroll            |       |     1 ||     1
 Stab: Sleeping          |     1 |       ||     1
Armor: Skin              |    33 |     1 ||    34
Dodge: Dodged            |    71 |     6 ||    77

Table legend: (Time is in decaauts)
 A = Elapsed time spent in this place.
 B = Non-inter-level travel time spent in this place.
 C = Inter-level travel time spent in this place.
 D = Time resting spent in this place.
 E = Time spent auto-exploring this place.
 F = Levels seen in this place.
 G = Mean time per level.
                   A        B        C        D        E       F      G
               +--------+--------+--------+--------+--------+-----+--------+
         Total |   2786 |   2712 |     74 |    415 |   1904 |   4 |  696.5 |
       Dungeon |   2786 |   2712 |     74 |    415 |   1904 |   4 |  696.5 |
               +--------+--------+--------+--------+--------+-----+--------+

Top non-repeatable levels by time:
     D:3: 968 daAuts
     D:2: 908 daAuts
     D:1: 886 daAuts
     D:4: 24 daAuts
